 Dungeon Crawl Stone Soup version 0.29.0-4-gdea44cf6ec (webtiles) character file.

Game seed: 10856633401938579825

42 qw the Chopper (level 3, -2/21 HPs)
             Began as a Tengu Warper on Aug 28, 2022.
             Slain by Robin
             ... wielding a +0 spear
              (5 damage)
             ... on level 2 of the Dungeon.
             The game lasted 00:00:08 (1511 turns).

qw the Chopper (Tengu Warper)                       Turns: 1511, Time: 00:00:08

Health: -2/21      AC:  3    Str: 13    XL:     3   Next: 54%
Magic:  7/7        EV: 12    Int: 13    God:
Gold:   109        SH:  0    Dex: 13    Spells: 6/6 levels left

rFire   . . .      SeeInvis .   Y - +0 hand axe (vorpal)
rCold   . . .      Faith    .   (no shield)
rNeg    . . .      Spirit   .   b - +0 leather armour
rPois   .          Reflect  .   (helmet restricted)
rElec   .          Harm     .   (no cloak)
rCorr   .          Rampage  .   (no gloves)
Will    .....                   (boots unavailable)
Stlth   +.........              (no amulet)
HPRegen 0.07/turn               (no ring)
MPRegen 0.10/turn               (no ring)

@: no status effects
A: beak, talons 3
a: no special abilities


You were on level 2 of the Dungeon.
You visited 1 branch of the dungeon, and saw 2 of its levels.

You collected 109 gold pieces.


Innate Abilities, Weirdness & Mutations

You have a beak for a mouth.
You have claws for feet.


   Skills:
 - Level 2.0 Fighting
 + Level 4.2 Axes
 - Level 1.0 Throwing
 - Level 1.1 Armour
 - Level 2.1 Dodging
 - Level 2.0 Spellcasting
 - Level 2.4 Translocations


You had 6 spell levels left.
You didn't know any spells.
Your spell library contained the following spells:

 Spells                   Type           Power      Damage    Failure   Level
 Blink                    Tloc           14%        N/A       19%         2
 Gell's Gravitas          Tloc           7%         N/A       36%         3
 Lesser Beckoning         Tloc           7%         N/A       36%         3
 Teleport Other           Tloc           7%         N/A       36%         3
 Manifold Assault         Tloc           7%         N/A       98%         5

Inventory:

Hand Weapons
 g - a +0 club
 Y - a +0 vorpal hand axe (weapon)
Armour
 b - a +0 leather armour (worn)
Scrolls
 j - a scroll of identify
Potions
 i - a potion of curing {unknown}

Dungeon Overview and Level Annotations

Branches:
Dungeon (2/15)

Altars:

Annotations:
D:2 Robin


Message History

The goblin barely misses you.
You hit the goblin.
The goblin is severely wounded.
The goblin completely misses you.
You barely miss the goblin. Your kick misses the goblin.
The goblin is severely wounded.
The goblin hits you but does no damage.
Robin roars a battlecry!
The goblin goes into a battle-frenzy!
You hear a shout! x5
You closely miss the goblin. Your kick misses the goblin.
The goblin is heavily wounded.
You hear a shout!
The goblin misses you. Robin throws the goblin at you!
You hear a shout!
You closely miss the goblin. Your kick misses the goblin.
Your peck misses the goblin.
The goblin is heavily wounded.
The goblin closely misses you.
Robin hits you from afar with a +0 spear.
You hit the goblin.
You kill the goblin!
Robin hits you from afar with a +0 spear. 4 goblins come into view.
The goblin shouts! x4
A goblin comes into view. It is wielding a +0 club.
Robin closely misses you.
The goblin moves out of view.
You see here an amethyst potion.
You hit Robin.
Robin is heavily wounded.
Robin hits you with a +0 spear.
A goblin comes into view. It is wielding a +0 dagger.
You barely miss Robin. Your kick misses Robin.
Robin is heavily wounded.
A goblin comes into view. It is wielding a +0 dagger.
Robin closely misses you. Robin hits you with a +0 spear.
You closely miss Robin. Your kick misses Robin. Your peck misses Robin.
Robin is heavily wounded.
Robin hits you with a +0 spear.
You die...

# #.. #.# #. .. #.#
#..# ###.##.##.#
#..# #.........#
#..# #.#.... ..# #..
... ....... #.# #.#
....
#....##)####.###...#
#.@..............
#g##.###%<..#.# #g
#.##.....# gg
..##.....##.#
.gg#####........#
###g #....##.## .g
#.#.....# .g
#.#..##.# #.##.# #


You could see Robin, 2 hobgoblins and 6 goblins.

Vanquished Creatures
  3 ball pythons (D:1)
  4 bats
  2 endoplasms (D:1)
  7 goblins
  6 hobgoblins (D:1)
  4 jackals (D:1)
  4 kobolds (D:1)
  2 frilled lizards (D:1)
  2 rats (D:1)
34 creatures vanquished.

Notes
Turn   | Place    | Note
-------+----------+-------------------------------------------
     0 | D:1      | qw the Tengu Warper began the quest for the Orb.
     0 | D:1      | Reached XP level 1. HP: 12/12 MP: 4/4
     0 | D:1      | 0 ||| qw: Version: 0.1-a-89-g26bdef1
     0 | D:1      | 0 ||| qw: Game counter: 733
     0 | D:1      | 0 ||| qw: Always use a shield: true
     0 | D:1      | 0 ||| qw: God list: Okawaru
     0 | D:1      | 0 ||| qw: Allow faded altars: false
     0 | D:1      | 0 ||| qw: Do Orc after D:15 true
     0 | D:1      | 0 ||| qw: Do second Lair branch before Depths: true
     0 | D:1      | 0 ||| qw: Lair rune preference: random
     0 | D:1      | 0 ||| qw: Plans: Normal
     0 | D:1      | 0 ||| PLANNING D:1-11
   181 | D:1      | Reached XP level 2. HP: 17/17 MP: 6/6
   190 | D:1      | Reached skill level 3 in Axes
   556 | D:1      | Reached XP level 3. HP: 14/21 MP: 7/7
   944 | D:1      | Reached skill level 4 in Axes
  1074 | D:1      | 1074 ||| Stepping ~*~*~tactically~*~*~ (stealth).
  1075 | D:1      | 1075 ||| Stepping ~*~*~tactically~*~*~ (stealth).
  1077 | D:1      | 1077 ||| Stepping ~*~*~tactically~*~*~ (stealth).
  1345 | D:1      | 1345 ||| DROPPING amulet of faith.
  1346 | D:1      | 1346 ||| READING scroll labelled KIMILOKHID.
  1347 | D:1      | 1347 ||| READING 2 scrolls labelled NYEFUE HIUD.
  1352 | D:1      | 1352 ||| READING scroll labelled KUBOUGERCHEA.
  1453 | D:1      | 1453 ||| READING 2 scrolls labelled VOSCHI JIBIRIYF.
  1454 | D:1      | 1454 ||| READING scroll labelled QUZYHI RUUPI.
  1455 | D:1      | 1455 ||| READING scroll labelled ASEOHI DUODDARGHEG.
  1456 | D:1      | 1456 ||| DROPPING scroll of blinking.
  1457 | D:1      | 1457 ||| READING scroll of teleportation.
  1497 | D:2      | Noticed Robin
  1498 | D:2      | 1498 ||| Stepping ~*~*~tactically~*~*~ (stealth).
  1500 | D:2      | 1500 ||| Stepping ~*~*~tactically~*~*~ (hiding).
  1510 | D:2      | HP: 3/21 [Robin/+0 spear (6)]
  1511 | D:2      | Slain by Robin

Levels and vault maps discovered:
D:1:      dpeg_arrival_shelter, layout_loops_corners,
          nicolae_kite_square_tiling_tiny, minmay_misc_feat_chi
D:2:      layout_loops_cross, minmay_tromino_i4, uniq_robin, uniq_terence,
          uniq_jessica

Skill      XL: |  1  2  3 |
---------------+----------+-----
Axes           | 3 4 |  4.2
Fighting       | |  2.0
Throwing       | |  1.0
Armour         | |  1.1
Dodging        | |  2.1
Spellcasting   | |  2.0
Translocations | |  2.4

Action                   || total
-------------------------++-------
Melee: Hand axe          ||    91
       Kick              ||    19
       Peck              ||     5
       Punch             ||     1
Throw: Boomerang         ||     7
  Use: Scroll            ||     7
Armor: Leather armour    ||    25
Dodge: Dodged            ||    49

Table legend:
 A = Non-vault XP
 B = Vault XP
 C = Vault XP percentage of total XP
 D = Non-vault monster count
 E = Vault monster count
 F = Vault count percentage of total count
                 A         B        C        D         E       F
            +---------+---------+-------+---------+---------+-------
      Total |      58 |       2 |   3.3 |      33 |       1 |   2.9
            +---------+---------+-------+---------+---------+-------
        D:1 |      56 |       0 |   0.0 |      32 |       0 |   0.0
        D:2 |       2 |       2 |  50.0 |       1 |       1 |  50.0
            +---------+---------+-------+---------+---------+-------
